 Dungeon Sprint DCSS version 0.27-a0-1217-g8a41f320e8 (webtiles) character file.

Game seed: 15307330322336618915

1 funkygono the Stinger (level 1, -1/13 HPs)
             Began as a Formicid Venom Mage on June 6, 2021.
             Was an Initiate of Vehumet.
             Slain by a scorpion (6 damage)
             ... in the Dungeon (Sprint VII: "The Pits").
             The game lasted 00:00:53 (221 turns).

funkygono the Stinger (Formicid Venom Mage)          Turns: 221, Time: 00:00:54

Health: -1/13      AC:  2    Str: 12    XL:     1   Next: 22%
Magic:  1/3        EV: 12    Int: 14    God:    Vehumet [......]
Gold:   0          SH:  0    Dex: 11    Spells: 3/4 levels left

rFire    . . .     SeeInvis +   f - +2 mace
rCold    . . .     Faith    .   (no shield)
rNeg     . . .     Spirit   .   a - +0 robe
rPois    .         Reflect  .   (helmet unavailable)
rElec    .         Harm     .   (no cloak)
rCorr    .         Rampage  .   (no gloves)
Will     .....                  (no boots)
Stlth    ++........             (no amulet)
HPRegen  0.04/turn              (no ring)
MPRegen  0.08/turn              (no ring)

@: lethally poisoned (-1 -> -16)
A: permanent stasis, dig shafts and tunnels, antennae 3, four strong arms
a: Dig, Renounce Religion


You were in the Dungeon.
You worshipped Vehumet.
Vehumet was noncommittal.
You visited 1 branch

Inventory:

Hand Weapons
 b - a +0 dagger
 f - a +2 mace (weapon)
Armour
 a - a +0 robe (worn)
Scrolls
 h - 5 scrolls of amnesia
 i - a scroll of summoning
Potions
 c - a potion of curing
 d - a potion of heal wounds
 e - 4 potions of magic
 g - 2 potions of invisibility


   Skills:
 + Level 1.8 Dodging
 - Level 2.4 Stealth
 * Level 2.3 Spellcasting
 + Level 1.1 Transmutations
 * Level 4.7 Poison Magic


You had 3 spell levels left.
You knew the following spells:

 Your Spells              Type           Power      Damage    Failure   Level
a - Sting                 Tmut/Pois      36%        1d4       7%          1

Your spell library contained the following spells:

 Spells                   Type           Power      Damage    Failure   Level
 Poisonous Vapours        Pois/Air       16%        N/A       13%         2
 Ignite Poison            Fire/Tmut/Pois 7%         N/A       30%         3
 Mephitic Cloud           Conj/Pois/Air  6%         N/A       34%         3
 Olgreb's Toxic Radiance  Pois           14%        N/A       32%         4


Dungeon Overview and Level Annotations

Branches:
Dungeon (1/1)

Altars:
Ashenzari
Cheibriados
Dithmenos
Elyvilon
Fedhas
Gozag
Hepliaklqana
Kikubaaqudgha
Makhleb
Nemelex Xobeh
Okawaru
Qazlal
Ru
Sif Muna
Trog
Uskayaw
Vehumet
Wu Jian
Xom
Yredelemnul
Zin
The Shining One
Beogh
Jiyva
Lugonu


Innate Abilities, Weirdness & Mutations

You cannot be hasted, slowed, berserked, paralysed or teleported.
You can dig through walls and to a lower floor.
You have a pair of large antennae on your head. (SInv)
Your four strong arms can wield two-handed weapons with a shield.


Message History

There is an open door to the Temple (Safe) here.
Found three altars.
Found three altars.
There is a glowing golden altar of the Shining One here.
There is a glowing silver altar of Zin here.
There is a basalt altar of Yredelemnul here.
There is a shimmering altar of Xom here.
There is an ornate altar of the Wu Jian Council here.
There is a radiant altar of Vehumet here.
You kneel at the altar of Vehumet.
Vehumet welcomes you!
There is an ornate altar of the Wu Jian Council here.
There is a shimmering altar of Xom here.
There is a basalt altar of Yredelemnul here.
There is a glowing silver altar of Zin here.
There is a glowing golden altar of the Shining One here.
There is an open door to the Temple (Safe) here.
You sense a monster nearby.
There is an open door to the Storerooms (Easy), spattered with blood here.
There is an open door to the Storerooms (Easy), spattered with blood here.
You open the door.
A scorpion and a hobgoblin come into view.
Casting: Sting (safe; 7% risk of failure)
Confirm with . or Enter, or press ? or * to list all spells.
Aiming: Sting (safe; 7% risk of failure)
Press: ? - help, Shift-Dir - straight line, f - scorpion
Aim: a scorpion (asleep, 100% to hit)
The sting hits the scorpion but does no damage.
The scorpion is poisoned.
Casting: Sting (safe; 7% risk of failure)
Confirm with . or Enter, or press ? or * to list all spells.
Aiming: Sting (safe; 7% risk of failure)
Press: ? - help, Shift-Dir - straight line, f/p - scorpion
Aim: a scorpion (lightly wounded, poisoned, 68% to hit)
The sting hits the scorpion.
The scorpion looks even sicker.
The scorpion is lightly wounded.
The scorpion stings you!
Ouch! That really hurt!
You are lethally poisoned!
The scorpion poisons you! The scorpion stings you.
You die...

############
#_________.#
#_________.#
#_______...###########++
##########'##...........
#.?(!')))'.##......#..#.
##########.##...........
#......@....'...........
#+#####s#####......#..#.
{ #.# #........... {#.#
####'#####++ +g#
#.......# ### #.......#
{ #.......# #...<...#
#.......#


You could see a scorpion (very poisoned) and a hobgoblin (asleep).

Vanquished Creatures
  A goblin (D)
1 creature vanquished.

Notes
Turn   | Place    | Note
-------+----------+-------------------------------------------
     0 | D        | funkygono the Formicid Venom Mage began the quest for the
                  | Orb.
     0 | D        | Reached XP level 1. HP: 13/13 MP: 3/3
   158 | D        | Found a bloodstained altar of Trog.
   158 | D        | Found a shimmering blue altar of Sif Muna.
   158 | D        | Found a viscous altar of Jiyva.
   158 | D        | Found a hazy altar of Hepliaklqana.
   158 | D        | Found an opulent altar of Gozag.
   159 | D        | Found a glowing golden altar of the Shining One.
   159 | D        | Found a glowing silver altar of Zin.
   159 | D        | Found a basalt altar of Yredelemnul.
   159 | D        | Found a shimmering altar of Xom.
   159 | D        | Found an ornate altar of the Wu Jian Council.
   159 | D        | Found a sacrificial altar of Ru.
   159 | D        | Found a stormy altar of Qazlal.
   159 | D        | Found an iron altar of Okawaru.
   159 | D        | Found a sparkling altar of Nemelex Xobeh.
   159 | D        | Found a burning altar of Makhleb.
   159 | D        | Found a blossoming altar of Fedhas.
   159 | D        | Found a white marble altar of Elyvilon.
   159 | D        | Found a shadowy altar of Dithmenos.
   159 | D        | Found a snail-covered altar of Cheibriados.
   160 | D        | Found a radiant altar of Vehumet.
   160 | D        | Found a corrupted altar of Lugonu.
   161 | D        | Found a hide-covered altar of Uskayaw.
   161 | D        | Found an ancient bone altar of Kikubaaqudgha.
   161 | D        | Found a broken altar of Ashenzari.
   168 | D        | Became a worshipper of Vehumet
   219 | D        | Noticed a scorpion
   221 | D        | Slain by a scorpion

Illustrated notes

Levels and vault maps discovered:
D:        pitsprint [storerooms_1, entrance_room_1, metal_vault_1, armoury_1,
          mini_pit_1, grid_room_1, main_hall_1, silver_pit, the_coven_3,
          the_vestibule_1, steel_vault_1, golden_pit, hallway_of_sentries,
          crystal_vault_2, iron_vault_5, final_vault]

Action                   || total
-------------------------++-------
Melee: Unarmed           ||     4
 Cast: Sting             ||     3
Dodge: Dodged            ||     1

Table legend: (Time is in decaauts)
 A = Elapsed time spent in this place.
 B = Non-inter-level travel time spent in this place.
 C = Inter-level travel time spent in this place.
 D = Time resting spent in this place.
 E = Time spent auto-exploring this place.
 F = Levels seen in this place.
 G = Mean time per level.
                   A        B        C        D        E       F      G
               +--------+--------+--------+--------+--------+-----+--------+
         Total |    220 |    220 |      0 |      0 |    135 |   1 |  220.0 |
       Dungeon |    220 |    220 |      0 |      0 |    135 |   1 |  220.0 |
               +--------+--------+--------+--------+--------+-----+--------+

Top non-repeatable levels by time:
       D: 220 daAuts
